 Dungeon Crawl Stone Soup version 0.21-a0-518-g43a1781 (webtiles) character file.

21 4thArraOfDagon the Skirmisher (level 2, -5/28 HPs)
             Began as a Minotaur Abyssal Knight on Dec 4, 2017.
             Was a Follower of Lugonu.
             Killed from afar by an orc wizard (8 damage)
             ... with a puff of flame
             ... on level 3 of the Dungeon.
             The game lasted 00:00:50 (154 turns).

4thArraOfDagon the Skirmisher (MiAK)                 Turns: 154, Time: 00:00:51

Health: -5/28      AC:  3    Str: 21    XL:     2   Next: 62%
Magic:  2/2        EV: 11    Int:  9    God:    Lugonu [*.....]
Gold:   15         SH:  0    Dex:  9    Spells: 1/1 levels left

rFire    . . .     SeeInvis .   a - +1 hand axe
rCold    . . .     Gourm    .   (no shield)
rNeg     . . .     Faith    .   b - +0 leather armour
rPois    .         Spirit   .   (helmet restricted)
rElec    .         Reflect  .   (no cloak)
rCorr    .         Harm     .   (no gloves)
MR       .....                  (no boots)
Stlth    +.........             (no amulet)
HPRegen  0.09/turn              (no ring)
MPRegen  0.08/turn              (no ring)

@: mighty
A: retaliatory headbutt, horns 2
a: Depart the Abyss, Renounce Religion


You were on level 3 of the Dungeon.
You worshipped Lugonu.
Lugonu was aware of your devotion.
You were not hungry.

You visited 1 branch of the dungeon, and saw 3 of its levels.
You visited the Abyss 1 time.

You collected 15 gold pieces.

Inventory:

Hand Weapons
 a - a +1 hand axe (weapon)
Armour
 b - a +0 leather armour (worn)
Scrolls
 d - 2 scrolls of remove curse {unknown}
Comestibles
 c - a bread ration


   Skills:
 + Level 4.4 Fighting
 + Level 2.7 Axes
 + Level 2.5 Armour
 + Level 1.1 Dodging
 + Level 1.9 Invocations


You had one spell level left.
You didn't know any spells.

Dungeon Overview and Level Annotations

Branches:
Dungeon (2/15)

Altars:


Innate Abilities, Weirdness & Mutations

You reflexively headbutt those who attack you in melee.
You have a pair of horns on your head.


Message History

Lugonu accepts your kill.
You slash the orc!
You kill the orc!
Lugonu accepts your kill.
Unknown command.
You closely miss the frilled lizard. The frilled lizard closely misses you.
You closely miss the frilled lizard. You headbutt the frilled lizard.
You kill the frilled lizard!
Lugonu accepts your kill.
Things that are here:
a club; a leather armour You now have 15 gold pieces.
A ball python comes into view.
The ball python hisses angrily.
The ball python moves out of view.
An orc wizard comes into view. It is wielding a dagger.
An orc comes into view. It is wielding a club.
The orc wizard points at you and mumbles some strange words.
The puff of flame hits you!
You die...

......# .....# ....#
... # #.. ### #
#..###.#####.####)#..
#.>............S...o.
.. #.)..@.....#...
..###+####.....#...
...........$...o..
#............##...
#............# ..
#.........#### .
#.........#
#...†...?.#
#..(......#


You could see an orc wizard and a ball python.

Vanquished Creatures
  An adder (D:2)
  An orc (D:3)
  A bat (D:1)
  A giant cockroach (D:2)
  A hobgoblin (D:1)
  A kobold (D:1)
  A quokka (D:3)
  2 frilled lizards
  A rat (D:3)
10 creatures vanquished.

Notes
Turn   | Place    | Note
-------+----------+-------------------------------------------
     0 | Abyss:1  | 4thArraOfDagon the Minotaur Abyssal Knight began the quest for the Orb.
     0 | Abyss:1  | Reached XP level 1. HP: 19/19 MP: 1/1
    39 | Abyss:1  | Noticed a starcursed mass
    53 | Abyss:1  | Noticed a quasit
    54 | D:1      | Escaped the Abyss
   117 | D:2      | Reached skill level 4 in Fighting
   117 | D:2      | Reached XP level 2. HP: 3/27 MP: 2/2
   122 | D:2      | You fall through a shaft!
   125 | D:3      | Reached * piety under Lugonu
   127 | D:3      | HP: 1/28 [poisoned by an adder]
   154 | D:3      | Killed from afar by an orc wizard

Vault maps used:
D:1:      denvon_arrival_planthouse, serial_park_tiny_2
D:2:      first_bread
D:3:      portal_sewer_entry_b, hangedman_feature_mirror

Skill      XL: |  1 |
---------------+----+-----
Fighting       | 4 |  4.4
Axes           | |  2.7
Armour         | |  2.5
Dodging        | |  1.1
Invocations    | |  1.9

Action                   || total
-------------------------++-------
Melee: Hand axe          ||    18
       Headbutt          ||     3
Invok: Depart the Abyss  ||     1
  Use: Potion            ||     1
Armor: Leather armour    ||    10
Dodge: Dodged            ||    14

Table legend:
 A = Spawn XP
 B = Non-spawn XP
 C = Spawn XP percentage of total XP
 D = Spawn monster count
 E = Non-spawn monster count
 F = Spawn count percentage of total count
 G = Total turns spent on level
                    A         B        C        D         E        F      G
               +---------+---------+-------+---------+---------+-------+---------
         Total |       0 |      30 |   0.0 |       0 |      10 |   0.0 |   154
               +---------+---------+-------+---------+---------+-------+---------
           D:1 |       0 |       7 |   0.0 |       0 |       4 |   0.0 |    57
           D:2 |       0 |      16 |   0.0 |       0 |       2 |   0.0 |    11
           D:3 |       0 |       7 |   0.0 |       0 |       4 |   0.0 |    32
               +---------+---------+-------+---------+---------+-------+---------
